 Dungeon Crawl Stone Soup version 0.23-a0-449-g8e4cbf7b70 (webtiles) character file.

3668 Tamron the Geomancer (level 10, -1/56 HPs)
             Began as a Gargoyle Earth Elementalist on Nov 21, 2018.
             Was a Follower of Vehumet.
             Splashed by Harold's acid (8 damage)
             ... on level 9 of the Dungeon.
             The game lasted 00:24:22 (9193 turns).

Tamron the Geomancer (Gargoyle Earth Elementalist)  Turns: 9193, Time: 00:24:24

Health: -1/56      AC: 14    Str: 12    XL:     10   Next: 12%
Magic:  2/19       EV:  7    Int: 19    God:    Vehumet [*.....]
Gold:   533        SH:  0    Dex: 10    Spells: 12/21 levels left

rFire    + + .     SeeInvis .   z - +3 hand axe (elec)
rCold    . . .     Gourm    .   (no shield)
rNeg     + . .     Faith    .   c - +0 robe
rPois    ∞         Spirit   .   o - +2 helmet
rElec    +         Reflect  .   u - +2 cloak
rCorr    .         Harm     .   (no gloves)
MR       .....                  k - +1 pair of boots
Stlth    ++........             (no amulet)
HPRegen  0.18/turn              m - ring of protection from fire
MPRegen  0.16/turn              r - ring of protection from fire

@: marked, corroded, held
A: negative energy resistance 1, electricity resistance, unbreathing,
petrification resistance, rot immunity, AC +7
a: Renounce Religion


You were on level 9 of the Dungeon.
You worshipped Vehumet.
Vehumet was aware of your devotion.
You were hungry.

You visited 2 branches of the dungeon, and saw 10 of its levels.

You collected 649 gold pieces.
You spent 116 gold pieces at shops.

Inventory:

Hand Weapons
 q - a +2 mace of crushing
 z - a +3 hand axe of electrocution (weapon)
Missiles
 b - 168 stones (quivered)
 y - a throwing net
Armour
 c - a +0 robe (worn)
 k - a +1 pair of boots (worn)
 o - a +2 helmet (worn)
 u - a +2 cloak (worn)
 v - a +0 shield
Magical Staves
 B - an uncursed staff of energy
Jewellery
 f - an uncursed ring of see invisible
 m - a ring of protection from fire (left hand)
 r - a ring of protection from fire (right hand)
Wands
 n - a wand of acid (6)
 t - a wand of digging (3)
Scrolls
 e - 4 scrolls of remove curse
 g - 2 scrolls of immolation
 l - 2 scrolls of fear
 p - 3 scrolls of amnesia
 s - 3 scrolls of teleportation
 x - 2 scrolls of magic mapping
Potions
 h - 5 potions of curing
 i - 4 potions of lignification
 j - 2 potions of might
 w - 2 potions of invisibility
 A - a potion of flight
 C - a potion of haste
 D - a potion of ambrosia {unknown}
Comestibles
 a - 2 chunks of flesh
 d - 13 rations


   Skills:
 + Level 4.0 Fighting
 + Level 3.7 Maces & Flails
 + Level 4.1 Armour
 + Level 3.6 Dodging
 - Level 2.1 Stealth
 + Level 6.2 Spellcasting
 + Level 6.5 Conjurations
   Level 0.7 Transmutations
 + Level 8.6 Earth Magic
 + Level 3.4 Evocations


You had 12 spell levels left.
You knew the following spells:

 Your Spells              Type           Power        Failure   Level  Hunger
a - Sandblast             Erth           #####.       1%          1    None
b - Stone Arrow           Conj/Erth      ####..       1%          3    ##.....
c - Lee's Rapid Deconstr  Erth           #####.....   9%          5    #####..

Your spell library contained the following spells:

 Spells                   Type           Power        Failure   Level  Hunger
 Flame Tongue             Conj/Fire      ###..        2%          1    None
 Passwall                 Tmut/Erth      ###.....     2%          2    None
 Throw Frost              Conj/Ice       ###...       4%          2    None
 Dazzling Spray           Conj/Hex       ###...       9%          3    ##.....
 Animate Skeleton         Necr           N/A          11%         1    None
 Apportation              Tloc           #.....       11%         1    None
 Confusing Touch          Hex            #.....       11%         1    None
 Corona                   Hex            #......      11%         1    None
 Freeze                   Ice            #...         11%         1    None
 Summon Small Mammal      Summ           #...         11%         1    None
 Petrify                  Tmut/Erth      ###.....     16%         4    ####...
 Ensorcelled Hibernation  Hex/Ice        #.....       17%         2    None
 Throw Icicle             Conj/Ice       ###.....     28%         4    ####...
 Confuse                  Hex            #.......     32%         3    ##.....
 Ozocubu's Armour         Chrm/Ice       #.......     32%         3    ##.....
 Tukima's Dance           Hex            #.......     32%         3    ##.....
 Summon Ice Beast         Ice/Summ       #.......     73%         4    ####...


Dungeon Overview and Level Annotations

Branches:
Dungeon (9/15)             Temple (1/1) D:5            Lair (0/6) D:8
    Orc (0/2) D:9

Altars:
Ashenzari
Cheibriados
Dithmenos
Elyvilon
Fedhas
Gozag
Hepliaklqana
Kikubaaqudgha
Makhleb
Nemelex Xobeh
Okawaru
Qazlal
Ru
Sif Muna
Trog
Uskayaw
Vehumet
Xom
Yredelemnul
Zin
The Shining One
Beogh

Shops:
D:8 **

Annotations:
D:9 Harold


Innate Abilities, Weirdness & Mutations

You are resistant to torment.
Your stone body is resilient. (AC +7)
You are immune to poison.
You resist negative energy. (rN+)
You are resistant to electric shocks. (rElec)
You can survive without breathing.
You are immune to petrification.
You are immune to rotting.


Message History

Press: ? - help, Shift-Dir - straight line, f/p - Harold
Aim: Harold, wielding a +0 dire flail, wearing a +0 scale mail and carrying a The blast of sand hits Harold.
Harold is severely wounded.
b - 169 stones You are feeling hungry.
Harold gestures at you while chanting. The mark upon you grows brighter.
Casting: Sandblast (safe; 1% risk of failure)
Confirm with . or Enter, or press ? or * to list all spells.
Aiming: Sandblast (safe; 1% risk of failure)
Press: ? - help, Shift-Dir - straight line, f/p - Harold
Aim: Harold, wielding a +0 dire flail, wearing a +0 scale mail and carrying a The blast of sand hits Harold.
Harold is almost dead.
b - 168 stones Harold zaps a wand.
The bolt of acid hits you!
* * * LOW HITPOINT WARNING * * *
The acid corrodes you!
You are splashed with acid!
The acid burns!
You die...

#.. #: #..# #.. #.
#..# #.. #@ #..# #..
#. #..# #.. #. #..#
#.. #. #..# #..
#.#######..########..
#..@@................
#......>.............
#####################


You could see Harold.

Vanquished Creatures
  A hippogriff (D:8)
  Grum (D:8)
  A hungry ghost (D:9)
  A water moccasin (D:7)
  4 orc warriors
  An ice beast (D:9)
  2 sky beasts
  A necrophage (D:5)
  3 ogres
  3 wolves (D:8)
  A centaur (D:6)
  5 bullfrogs
  3 scorpions
  2 howler monkeys
  A crimson imp (D:8)
  A centaur zombie (D:2)
  2 bullfrog zombies (D:9)
  An iron imp (D:6)
  A jelly (D:7)
  Crazy Yiuf (D:3)
  10 orc priests
  A bullfrog skeleton (D:8)
  A hound (D:9)
  An iguana (D:4)
  10 orc wizards
  2 worker ants
  3 hound skeletons
  A worker ant zombie (D:5)
  A gnoll (D:5)
  7 adders
  2 oozes
  An adder zombie (D:9)
  3 worms
  4 dart slugs
  9 leopard geckos
  46 orcs
  A ball python (D:4)
  6 giant cockroaches
  7 goblins
  9 hobgoblins
  29 jackals
  A quokka (D:2)
  9 bats
  3 frilled lizards
  A jackal skeleton (D:6)
  A jackal zombie (D:7)
  13 kobolds
  A leopard gecko skeleton (D:6)
  A leopard gecko zombie (D:6)
  5 rats
225 creatures vanquished.

Notes
Turn   | Place    | Note
-------+----------+-------------------------------------------
     0 | D:1      | Tamron the Gargoyle Earth Elementalist began the quest for
                  | the Orb.
     0 | D:1      | Reached XP level 1. HP: 10/10 MP: 3/3
   245 | D:1      | Reached XP level 2. HP: 11/15 MP: 5/5
   253 | D:1      | Reached skill level 4 in Earth Magic
   570 | D:1      | Reached XP level 3. HP: 19/19 MP: 6/6
   575 | D:1      | Learned a level 3 spell: Stone Arrow
  1516 | D:2      | Reached skill level 1 in Conjurations
  1516 | D:2      | Reached XP level 4. HP: 16/24 MP: 3/8
  1577 | D:2      | Reached skill level 5 in Earth Magic
  1577 | D:2      | Reached XP level 5. HP: 19/28 MP: 5/9
  1585 | D:2      | Learned a level 5 spell: Lee's Rapid Deconstruction
  3085 | D:3      | Reached XP level 6. HP: 30/32 MP: 2/11
  3272 | D:3      | Found a runed door.
  3276 | D:3      | Noticed Crazy Yiuf
  3280 | D:3      | Killed Crazy Yiuf
  3684 | D:4      | Found a sparkling altar of Nemelex Xobeh.
  4192 | D:4      | Found a deep blue altar of Sif Muna.
  4203 | D:4      | Reached skill level 6 in Earth Magic
  4474 | D:5      | Entered Level 5 of the Dungeon
  4474 | D:5      | Noticed a sky beast
  4524 | D:5      | Found a staircase to the Ecumenical Temple.
  4537 | Temple   | Entered the Ecumenical Temple
  4809 | D:5      | Killed a sky beast
  4809 | D:5      | Reached XP level 7. HP: 36/36 MP: 6/13
  4956 | D:5      | Identified the cursed +0 hunting sling of a ziggurat
                  | {speed, +Blink rElec rC- Dex+8}
  5199 | D:5      | Found a hazy altar of Hepliaklqana.
  5692 | D:5      | Found an iron altar of Okawaru.
  5696 | D:5      | Reached skill level 7 in Earth Magic
  5871 | D:6      | Reached skill level 5 in Spellcasting
  5871 | D:6      | Reached skill level 5 in Conjurations
  5871 | D:6      | Reached XP level 8. HP: 41/41 MP: 13/15
  5959 | D:6      | Reached skill level 1 in Armour
  6175 | D:6      | Reached skill level 1 in Fighting
  6192 | D:6      | Reached skill level 1 in Maces & Flails
  6621 | D:6      | Found a snail-covered altar of Cheibriados.
  6637 | D:6      | Reached skill level 1 in Evocations
  6907 | D:7      | Got a translucent spear
  6908 | D:7      | Identified the cursed +1 spear "Pekeoxzu" {pierce, rPois
                  | rN+ Stlth-} (You found it on level 7 of the Dungeon)
  6986 | D:7      | Reached XP level 9. HP: 14/48 MP: 14/17
  7760 | D:8      | Reached skill level 8 in Earth Magic
  7994 | D:8      | Found Fanunga's Assorted Antiques.
  8019 | D:8      | Found an opulent altar of Gozag.
  8166 | D:8      | Bought a scroll of identify for 62 gold pieces
  8166 | D:8      | Bought a glowing purple potion for 27 gold pieces
  8166 | D:8      | Bought a metallic dark potion for 27 gold pieces
  8172 | D:8      | Found Gozag's Platinum Reserve.
  8195 | D:8      | Found a staircase to the Lair.
  8208 | D:8      | Found a basalt altar of Yredelemnul.
  8208 | D:8      | Found a radiant altar of Vehumet.
  8228 | D:8      | Became a worshipper of Vehumet
  8272 | D:8      | Noticed Grum
  8285 | D:8      | Killed Grum
  8550 | D:8      | Found a white marble altar of Elyvilon.
  8723 | D:9      | Found a roughly hewn altar of Beogh.
  8723 | D:9      | Found a staircase to the Orcish Mines.
  8736 | D:9      | Reached * piety under Vehumet
  8736 | D:9      | Offered knowledge of Flame Tongue by Vehumet.
  9013 | D:9      | Reached XP level 10. HP: 56/56 MP: 19/19
  9176 | D:9      | Noticed Harold
  9193 | D:9      | Splashed by Harold's acid

Vault maps used:
D:1:      mrwooster_arrival_statue, minmay_split_cup_small
D:2:      grunt_decor_one_mirror
D:3:      first_ration, uniq_crazy_yiuf_cottage
D:4:      lemuel_round_altar, led_sif_book
D:5:      okawaru_altar_gauntlet_db, lemuel_round_altar,
          minmay_temple_entry_statues_fountains, grunt_decor_clamped
D:6:      slow_altar_1, serial_bayou_pond_a
D:8:      marbit_many_paths, nicolae_gozag_zags_fifth_avenue,
          grunt_temple_overflow_open, lair_entry_dummy, serial_shops, shop,
          uniq_grum
D:9:      minmay_the_grid_triangle_9x9_rhombus_thin, lemuel_crystal_altar,
          david_orc_5, uniq_harold
Temple:   minmay_temple_bridge_abc

Skill      XL: |  1  2  3  4  5  6  7  8  9 10 |
---------------+-------------------------------+-----
Earth Magic    | 4 5 6 7 8 |  8.6
Spellcasting   | 3 4 5 6 |  6.2
Conjurations   | 1 2 4 5 6 |  6.5
Armour         | 2 3 4 |  4.1
Fighting       | 2 3 4 |  4.0
Maces & Flails | 2 3 |  3.7
Dodging        | 2 3 |  3.6
Evocations     | 2 3 |  3.4
Stealth        | |  2.1
Transmutations | |  0.7

Action                   |  1- 3 |  4- 6 |  7- 9 | 10-12 || total
-------------------------+-------+-------+-------+-------++-------
Melee: Short sword       |   103 |   210 |   165 |       ||   478
       Hand axe          |       |       |   136 |    28 ||   164
 Cast: Sandblast         |    12 |    69 |    27 |     9 ||   117
       Lee's Rapid Decon |       |     2 |    19 |       ||    21
       Stone Arrow       |       |       |     8 |     4 ||    12
  Use: Scroll            |       |    11 |     9 |     1 ||    21
       Potion            |       |       |     4 |     1 ||     5
 Stab: Sleeping          |     3 |     2 |     4 |       ||     9
  Eat: Chunk             |     2 |     9 |    16 |     3 ||    30
       Ration            |       |     1 |     1 |       ||     2
Armor: Robe              |    43 |   153 |   158 |    19 ||   373
       Skin              |       |       |    17 |       ||    17
Dodge: Dodged            |    71 |   287 |   236 |    24 ||   618

Table legend:
 A = Non-vault XP
 B = Vault XP
 C = Vault XP percentage of total XP
 D = Non-vault monster count
 E = Vault monster count
 F = Vault count percentage of total count
                 A         B        C        D         E       F
            +---------+---------+-------+---------+---------+-------
      Total |    3819 |    1421 |  27.1 |     184 |      41 |  18.2
            +---------+---------+-------+---------+---------+-------
        D:1 |      48 |       7 |  12.7 |      27 |       3 |  10.0
        D:2 |     180 |       0 |   0.0 |      32 |       0 |   0.0
        D:3 |      90 |      41 |  31.3 |      25 |       1 |   3.8
        D:4 |      93 |      71 |  43.3 |       7 |       2 |  22.2
        D:5 |     547 |      26 |   4.5 |      14 |       6 |  30.0
        D:6 |     716 |      43 |   5.7 |      30 |       1 |   3.2
        D:7 |     858 |       0 |   0.0 |      19 |       0 |   0.0
        D:8 |     649 |     788 |  54.8 |      20 |       5 |  20.0
        D:9 |     638 |     445 |  41.1 |      10 |      23 |  69.7
            +---------+---------+-------+---------+---------+-------
